 Dungeon Crawl Stone Soup version 0.21-a0-440-g28109cb (webtiles) character file.

233448 dricus the Warrior (level 19, -6/151 HPs)
             Began as a Gargoyle Fighter on Nov 10, 2017.
             Was the Champion of the Shining One.
             Mangled by a vault warden
             ... wielding a +0 bardiche of distortion
              (19 damage)
             ... on level 1 of the Vaults.
             The game lasted 01:14:45 (35493 turns).

dricus the Warrior (Gargoyle Fighter)              Turns: 35493, Time: 01:14:45

Health: -6/151     AC: 42    Str: 25    XL:     19   Next: 11%
Magic:  0/27       EV: 13    Int: 11    God:    the Shining One [******]
Gold:   1389       SH: 14    Dex: 13    Spells: 18/18 levels left

rFire    + . .     SeeInvis .   a - +4 morningstar (crush)
rCold    . . .     Gourm    .   c - +0 shield
rNeg     + + +     Faith    .   v - +4 chain mail
rPois    ∞         Spirit   +   u - +0 helmet
rElec    +         Reflect  .   y - scarf {Spirit}
rCorr    .         Harm     .   O - +2 pair of gloves {Str+3}
MR       +....                  h - +2 pair of boots {run}
Stlth    ..........             L - amulet of Vitality {Regen+ HP+15}
HPRegen  0.75/turn              p - ring of protection from fire
MPRegen  0.20/turn              D - +3 ring of protection

@: marked, slowed, glowing, very slow
A: big wings, negative energy resistance 1, electricity resistance, unbreathing,
petrification resistance, rot immunity, AC +14
}: 2/15 runes: decaying, serpentine
a: Fly, Divine Shield, Cleansing Flame, Summon Divine Warrior, Brand Weapon With
Holy Wrath, Renounce Religion


You were on level 1 of the Vaults.
You worshipped the Shining One.
The Shining One was exalted by your worship.
You were hungry.

You visited 6 branches of the dungeon, and saw 32 of its levels.
You also visited: Bailey and Ice Cave.

You collected 3563 gold pieces.
You spent 2174 gold pieces at shops.

Inventory:

Hand Weapons
 a - a +4 morningstar of crushing (weapon)
 C - a +5 morningstar of flaming
Armour
 c - a +0 shield (worn)
 h - a +2 pair of boots of running (worn)
 u - a +0 helmet (worn)
 v - a +4 chain mail (worn)
 y - a scarf of spirit shield (worn)
 O - a +2 pair of gloves of strength (worn)
Jewellery
 p - a ring of protection from fire (left hand)
 D - a +3 ring of protection (right hand)
 L - the amulet of Vitality (around neck) {Regen+ HP+15}
   (You bought it in a shop on level 1 of the Snake Pit)

   [amulet of regeneration]

   It affects your health (+15).
   It increases your rate of regeneration.
Wands
 z - a wand of confusion (20/48)
 B - a wand of iceblast (7/15)
 F - a wand of disintegration (17/24)
 M - a wand of acid (9/15)
Scrolls
 j - 18 scrolls of remove curse
 k - 9 scrolls of teleportation
 m - 6 scrolls of fog
 q - 4 scrolls of recharging
 w - 4 scrolls of magic mapping
 x - 3 scrolls of fear
 H - 5 scrolls of amnesia
 J - a scroll of blinking
 K - 10 scrolls of identify {@r9}
 R - a scroll of immolation
Potions
 b - 2 potions of berserk rage
 e - 18 potions of curing {@q9}
 l - 3 potions of resistance
 n - 2 potions of brilliance
 o - 4 potions of cancellation
 r - 3 potions of heal wounds {@q0}
 s - 2 potions of mutation
 t - 2 potions of ambrosia
 G - 3 potions of magic
 S - 4 potions of haste
 U - 4 potions of might
 Y - 3 potions of lignification
Books
 I - a book of Geomancy

   Spells                             Type                      Level
   a - Sandblast                      Earth                        1
   b - Passwall                       Transmutation/Earth          2
   c - Stone Arrow                    Conjuration/Earth            3
   d - Petrify                        Transmutation/Earth          4
   e - Lee's Rapid Deconstruction     Earth                        5
Miscellaneous
 A - a sack of spiders
 E - 2 boxes of beasts
Comestibles
 d - 34 chunks of flesh
 f - 24 bread rations
 g - 12 royal jellies
 i - 18 meat rations
 Q - 9 fruits


   Skills:
 * Level 20.5 Fighting
 - Level 16.0 Maces & Flails
 + Level 12.0 Armour
 + Level 9.0 Dodging
 - Level 15.0 Shields
 - Level 11.0 Invocations


You had 18 spell levels left.
You didn't know any spells.

Dungeon Overview and Level Annotations

Branches:
Dungeon (15/15)            Temple (0/1) D:7            Lair (6/6) D:9
  Swamp (4/4) Lair:2        Snake (4/4) Lair:3        Slime (0/5) Lair:5
    Orc (2/2) D:11            Elf (0/3) Orc:2        Vaults (1/5) D:14
 Depths (0/5) D:15

Altars:
Ashenzari
Cheibriados
Gozag
Hepliaklqana
Kikubaaqudgha
Makhleb
Ru
Wu Jian
Yredelemnul
The Shining One
Beogh

Shops:
D:4 *   D:8 (   D:15 %   Orc:2 (*?*   Snake:1 =}}   Snake:2 [!:   Snake:4 (

Portals:
Hell: Lair:6
Trove: Vaults:1 (give 2 scrolls of acquirement)

Annotations:
Lair:5 exclusion: 2 oklob plants


Innate Abilities, Weirdness & Mutations

You are resistant to torment.
Your stone body is resilient. (AC +14)
You are immune to poison.
Your large and strong wings let you fly indefinitely.
You resist negative energy. (rN+)
You are resistant to electric shocks. (rElec)
You can survive without breathing.
You are immune to petrification.
You are immune to rotting.


Message History

You feel your power leaking away.
The deep elf knight casts a spell at you.
The shard of ice hits you!
* * * LOW HITPOINT WARNING * * *
You block the deep elf sorcerer's attack.
The vault warden activates a sealing rune.
A door slams shut!
The ironheart preserver misses you.
You feel much better.
Your angel hits the deep elf knight with a whip of holy wrath!!
Your angel hits the deep elf knight with a whip of holy wrath.
The deep elf knight hits your angel with a scimitar.
The deep elf sorcerer barely misses you.
The deep elf mage barely misses you. You block the orc warrior's attack.
The great orb of eyes gazes at you.
You are blasted!
* * * LOW HITPOINT WARNING * * *
Your angel hits the deep elf knight with a whip of holy wrath!
The deep elf knight dies!
The vault warden hits you from afar with an uncursed bardiche of distortion!!
You die...

....# ....# ##+### #####
.....# .....# .....#
..... .#######...
.+[....ep# #.....@e#
#....A)G# #....opo#
######+## #..(# #p..#
#...# ###########
#####...######..........
#.....#.....##..........


You could see an ironheart preserver (invisible), a vault warden, a great orb of
eyes, a deep elf sorcerer, a deep elf mage (invisible), 2 orc warriors and a
friendly angel.

Vanquished Creatures
  Mara (Snake:3)
  Vashnia (Snake:2)
  Kirke (Snake:2)
  Roxanne (Snake:2)
  4 nagarajas (Snake:4)
  A frost giant (D:15)
  Aizul (Swamp:3)
  Louise (Swamp:2)
  An ironheart preserver (Vaults:1)
  Nessos (D:15)
  The ghost of Nico3ck the Carver, a journeyman MiBe of Trog (Lair:5)
  A dire elephant (Lair:6)
  A deep elf death mage (Vaults:1)
  A vault guard (D:14)
  A yaktaur captain (Vaults:1)
  The ghost of Moebius the Thaumaturge, a journeyman DEFE of Vehumet (Lair:2)
  Harold (D:10)
  A rakshasa (D:15)
  14 naga warriors
  An ice dragon (Swamp:4)
  17 hydras
  3 catoblepae
  A ghost crab (Swamp:4)
  10 anacondas
  The ghost of Caerun the Spear-Bearer, a journeyman DsGl of Okawaru (D:12)
  5 two-headed ogres
  6 centaur warriors
  8 alligators
  Urug (Orc:1)
  17 naga sharpshooters
  7 shock serpents
  An orc high priest (Vaults:1)
  Sonja (Lair:2)
  A sun demon (Lair:6)
  5 spriggan druids
  3 unseen horrors
  A deep elf archer (D:15)
  A wizard (Lair:6)
  16 swamp dragons
  A glowing orange brain (Vaults:1)
  5 shambling mangroves
  5 harpies (Vaults:1)
  10 orc knights
  8 naga ritualists
  A necromancer (IceCv)
  An orc sorcerer (Orc:1)
  11 mana vipers
  13 ugly things
  2 deep elf magi
  5 cyclopes
  3 wolf spiders (Vaults:1)
  6 salamanders
  3 manticores
  3 ice statues (IceCv)
  4 elephants (Lair:6)
  Joseph (D:8)
  7 guardian serpents
  30 black mambas
  5 gargoyles
  A smoke demon (Lair:6)
  26 naga magi
  13 spiny frogs
  2 vault sentinels (Vaults:1)
  2 orange demons (Lair:6)
  A kobold demonologist (D:11)
  An efreet (D:15)
  8 rime drakes
  6 komodo dragons
  6 yaktaurs
  6 red devils
  9 ice devils
  9 trolls
  A tengu conjurer (D:14)
  A meliai (shapeshifter) (Vaults:1)
  5 tyrant leeches
  14 hornets
  Grinder (D:3)
  A bog body (Swamp:2)
  12 dream sheep
  3 blink frogs (Lair:2)
  12 slime creatures
  3 hippogriffs
  5 shadows
  8 spriggans
  42 yaks
  3 vampires
  6 wraiths
  7 wyverns
  The ghost of kiturien the Skirmisher, an amateur MiFi (D:4)
  Eustachio (D:6)
  3 basilisks
  A steam dragon (D:14)
  4 hungry ghosts
  3 hogs (Snake:2)
  20 vampire mosquitoes
  A warg (Orc:1)
  36 nagas
  19 insubstantial wisps
  2 porcupines
  A floating eye (shapeshifter) (Vaults:1)
  27 swamp worms
  2 acid dragons
  9 water moccasins
  16 swamp drakes
  7 ice beasts
  A hornet zombie (D:13)
  5 hell hounds (Lair:6)
  47 orc warriors
  2 phantoms
  2 sky beasts
  2 black bears
  10 ogres
  35 centaurs
  3 boggarts (Vaults:1)
  4 wolves
  14 crocodiles
  3 big kobolds (D:8)
  17 bullfrogs
  A gnoll sergeant (Orc:1)
  A wyvern zombie (D:12)
  2 water moccasin zombies
  A water moccasin skeleton (D:7)
  3 scorpions
  A human simulacrum (Vaults:1)
  An electric eel (Lair:2)
  4 howler monkeys
  4 crimson imps
  4 bullfrog zombies
  A quasit (D:12)
  A draconian simulacrum (IceCv)
  17 orc priests
  4 bullfrog skeletons
  3 centaur skeletons
  5 centaur zombies
  3 jellies
  7 hounds
  22 orc wizards
  Natasha (twice) (D:3)
  4 iguanas
  2 troll simulacra (IceCv)
  8 worker ants
  2 hell rats (Lair:2)
  A spriggan simulacrum (IceCv)
  5 centaur simulacra (IceCv)
  A hound skeleton (D:11)
  Robin (D:3)
  17 gnolls
  11 adders
  A naga simulacrum (IceCv)
  9 river rats (Lair:2)
  6 shadow imps
  An ooze (D:2)
  2 adder skeletons
  2 adder zombies
  4 worms
  6 dart slugs
  3 leopard geckos
  92 orcs
  3 giant cockroaches
  9 goblins
  14 hobgoblins
  7 jackals
  23 kobolds
  10 quokkas
  10 bats
  8 frilled lizards
  A quokka skeleton (D:5)
  10 rats
1137 creatures vanquished.

Vanquished Creatures (collateral kills)
  A deep elf knight (Vaults:1)
  An ironbrand convoker (Vaults:1)
  A small abomination (Vaults:1)
3 creatures vanquished.

Vanquished Creatures (others)
  A hydra (Swamp:4)
  A naga sharpshooter (Snake:2)
  A human (Snake:2)
  A hornet (Swamp:4)
  A swamp worm (Swamp:1)
  2 nagas
  An orc (Orc:2)
  2 fungi
10 creatures vanquished.

Grand Total: 1150 creatures vanquished

Notes
Turn   | Place    | Note
-------+----------+-------------------------------------------
     0 | D:1      | dricus the Gargoyle Fighter began the quest for the Orb.
     0 | D:1      | Reached XP level 1. HP: 14/14 MP: 1/1
   280 | D:1      | Reached XP level 2. HP: 13/19 MP: 2/2
   712 | D:1      | Reached XP level 3. HP: 23/23 MP: 3/3
  1446 | D:2      | Reached XP level 4. HP: 29/29 MP: 4/4
  1776 | D:3      | Noticed Natasha
  1796 | D:3      | Killed Natasha
  1796 | D:3      | Reached skill level 4 in Fighting
  1895 | D:3      | Found a faded altar of an unknown god.
  2008 | D:3      | Reached XP level 5. HP: 30/33 MP: 5/5
  2348 | D:3      | Noticed Robin
  2361 | D:3      | Killed Robin
  2498 | D:3      | Noticed Grinder
  2514 | D:3      | Killed Grinder
  2514 | D:3      | Reached skill level 5 in Maces & Flails
  2514 | D:3      | Reached XP level 6. HP: 4/40 MP: 6/6
  2885 | D:3      | Noticed Natasha
  2892 | D:3      | Killed Natasha
  2892 | D:3      | Reached skill level 5 in Fighting
  2892 | D:3      | Reached skill level 5 in Shields
  3276 | D:4      | Found a glowing golden altar of the Shining One.
  3310 | D:4      | Reached XP level 7. HP: 44/44 MP: 7/7
  3322 | D:4      | Became a worshipper of the Shining One
  3423 | D:4      | Noticed kiturien's ghost (amateur MiFi)
  3438 | D:4      | Killed kiturien's ghost
  4073 | D:4      | Found an ancient bone altar of Kikubaaqudgha.
  4329 | D:4      | Found Fudycsoc's Assorted Antiques.
  4337 | D:4      | Bought a pair of embroidered boots for 165 gold pieces
  4342 | D:4      | Identified a +1 pair of boots of running (You bought it in a shop on level 4 of the Dungeon)
  4568 | D:5      | Entered Level 5 of the Dungeon
  4646 | D:5      | Reached XP level 8. HP: 51/51 MP: 8/8
  5395 | D:6      | Found a hazy altar of Hepliaklqana.
  5418 | D:6      | Noticed Eustachio
  5501 | D:6      | Killed Eustachio
  5501 | D:6      | Reached skill level 6 in Fighting
  5879 | D:7      | Noticed a two-headed ogre
  6297 | D:7      | Noticed a two-headed ogre
  6297 | D:7      | Reached * piety under the Shining One
  6315 | D:7      | Killed a two-headed ogre
  6315 | D:7      | Reached skill level 7 in Fighting
  6315 | D:7      | Reached XP level 9. HP: 41/57 MP: 6/9
  6771 | D:7      | Paralysed by fainting for 10 turns
  6840 | D:7      | Found a staircase to the Ecumenical Temple.
  7076 | D:7      | Reached skill level 8 in Fighting
  7133 | D:8      | Reached skill level 10 in Maces & Flails
  7133 | D:8      | Reached XP level 10. HP: 35/64 MP: 5/10
  7334 | D:8      | Noticed Joseph
  7376 | D:8      | Killed Joseph
  7448 | D:8      | Found a shattered altar of Ashenzari.
  7557 | D:8      | Found Telaej's Weapon Shoppe.
  7580 | D:8      | Bought a +0 morningstar for 48 gold pieces
  7899 | D:8      | Reached skill level 9 in Fighting
  7931 | D:8      | Noticed a two-headed hydra
  7947 | D:8      | Killed a two-headed hydra
  8186 | D:8      | Found a sacrificial altar of Ru.
  8186 | D:8      | Found a basalt altar of Yredelemnul.
  8253 | D:9      | Found a staircase to the Lair.
  8526 | D:9      | Reached ** piety under the Shining One
  8527 | D:9      | Found an opulent altar of Gozag.
  8604 | D:9      | Found an opulent altar of Gozag.
  8921 | D:9      | Found an ornate altar of the Wu Jian Council.
  9425 | D:10     | Entered Level 10 of the Dungeon
  9425 | D:10     | Noticed a gargoyle
  9439 | D:10     | Killed a gargoyle
  9439 | D:10     | Reached XP level 11. HP: 35/71 MP: 5/11
  9849 | D:10     | Noticed Harold
  9880 | D:10     | Killed Harold
  9880 | D:10     | Reached skill level 10 in Fighting
  9880 | D:10     | Reached skill level 10 in Shields
 10613 | D:11     | Reached *** piety under the Shining One
 10924 | D:11     | Noticed a cyclops
 10947 | D:11     | Killed a cyclops
 11326 | D:11     | Found a staircase to the Orcish Mines.
 11377 | D:11     | Identified 2 scrolls of acquirement
 11411 | D:12     | Reached **** piety under the Shining One
 11487 | D:12     | Noticed a two-headed ogre
 11495 | D:12     | Killed a two-headed ogre
 11495 | D:12     | Reached XP level 12. HP: 71/79 MP: 9/12
 11616 | D:12     | Noticed Caerun's ghost (journeyman DsGl)
 11644 | D:12     | Killed Caerun's ghost
 11644 | D:12     | Reached skill level 11 in Fighting
 12750 | Lair:1   | Entered Level 1 of the Lair of Beasts
 13898 | Lair:2   | Reached skill level 12 in Fighting
 13901 | Lair:2   | Reached XP level 13. HP: 77/86 MP: 9/13
 14064 | Lair:2   | Noticed Sonja
 14075 | Lair:2   | Killed Sonja
 14123 | Lair:2   | Reached ***** piety under the Shining One
 14194 | Lair:2   | Got a smoking tin ring
 14196 | Lair:2   | Identified the ring of Lataowee {rElec rF+ MR- Str+5} (You acquired it on level 2 of the Lair of Beasts)
 14208 | Lair:2   | Noticed Moebius's ghost (journeyman DEFE)
 14227 | Lair:2   | Killed Moebius's ghost
 14227 | Lair:2   | Reached skill level 15 in Maces & Flails
 14494 | Lair:2   | Found a staircase to the Swamp.
 14775 | Lair:3   | Found a staircase to the Snake Pit.
 15615 | Lair:4   | You fall through a shaft for 2 floors!
 15615 | Lair:6   | Entered Level 6 of the Lair of Beasts
 15787 | Lair:6   | Found a frozen archway.
 15826 | IceCv    | Entered an ice cave
 16836 | Lair:5   | Reached skill level 13 in Fighting
 17143 | Lair:5   | Gained mutation: Your large and strong wings let you fly indefinitely. [Gargoyle growth]
 17143 | Lair:5   | Reached XP level 14. HP: 92/94 MP: 12/14
 17187 | Lair:5   | Noticed Nico3ck's ghost (journeyman MiBe)
 17199 | Lair:5   | Killed Nico3ck's ghost
 17496 | Lair:5   | Reached skill level 1 in Invocations
 17882 | Lair:5   | Found a staircase to the Slime Pits.
 18562 | Lair:6   | Noticed a dire elephant
 18598 | Lair:6   | Killed a dire elephant
 18720 | Lair:6   | Found a burning altar of Makhleb.
 18720 | Lair:6   | Reached ****** piety under the Shining One
 18815 | Lair:6   | Reached skill level 5 in Invocations
 18821 | Lair:6   | Found a gateway to Hell.
 18834 | Lair:6   | Found the cursed necklace of Bloodlust {*Rage +Rage MR++ Int-3 Slay+6 *Curse}
 19659 | D:13     | Reached skill level 14 in Fighting
 19861 | D:13     | Found a snail-covered altar of Cheibriados.
 20015 | D:14     | Found a flagged portal.
 20025 | Bailey   | Entered a bailey
 20587 | D:14     | Reached XP level 15. HP: 92/101 MP: 18/21
 21004 | D:14     | Found a gate to the Vaults.
 21140 | D:15     | Entered Level 15 of the Dungeon
 21464 | D:15     | Noticed Nessos
 21500 | D:15     | Found Ifijiulu's Food Emporium.
 21501 | D:15     | Killed Nessos
 21646 | D:15     | Found a staircase to the Depths.
 21646 | D:15     | Noticed a frost giant
 21658 | D:15     | Killed a frost giant
 21658 | D:15     | Reached skill level 10 in Invocations
 21985 | Orc:1    | Entered Level 1 of the Orcish Mines
 22082 | Orc:1    | Found a roughly hewn altar of Beogh.
 22200 | Orc:2    | Entered Level 2 of the Orcish Mines
 22326 | Orc:1    | Reached skill level 15 in Fighting
 22453 | Orc:1    | Reached skill level 15 in Shields
 22880 | Orc:2    | Found Muvar's General Store.
 22881 | Orc:2    | Found Xenibru's Assorted Antiques.
 22881 | Orc:2    | Found Umax's Magic Scroll Emporium.
 22884 | Orc:2    | Found Foerchu's Weapon Shop.
 22989 | Orc:2    | Found a staircase to the Elven Halls.
 23209 | Orc:1    | Noticed Urug
 23263 | Orc:1    | Killed Urug
 23614 | Orc:2    | Bought a dented malachite amulet for 145 gold pieces
 23617 | Orc:2    | Bought a scroll of identify for 28 gold pieces
 23617 | Orc:2    | Bought a scroll of identify for 28 gold pieces
 23617 | Orc:2    | Bought a scroll of identify for 28 gold pieces
 23617 | Orc:2    | Bought a scroll of identify for 28 gold pieces
 23617 | Orc:2    | Bought a scroll of identify for 28 gold pieces
 23622 | Orc:2    | Bought a potion of curing for 36 gold pieces
 23622 | Orc:2    | Bought a potion of curing for 36 gold pieces
 23622 | Orc:2    | Bought a scroll of magic mapping for 42 gold pieces
 23625 | Orc:2    | Bought a scroll of fog for 58 gold pieces
 23831 | Swamp:1  | Entered Level 1 of the Swamp
 23920 | Swamp:1  | Reached skill level 1 in Dodging
 24549 | Swamp:2  | Reached XP level 16. HP: 94/108 MP: 19/24
 24961 | Swamp:2  | Noticed Louise
 24971 | Swamp:2  | Reached skill level 5 in Armour
 25078 | Swamp:1  | Reached skill level 16 in Fighting
 25134 | Swamp:2  | Killed Louise
 26053 | Swamp:3  | Noticed Aizul
 26083 | Swamp:3  | Killed Aizul
 26507 | Swamp:4  | Entered Level 4 of the Swamp
 26738 | Swamp:4  | Reached skill level 17 in Fighting
 27094 | Swamp:3  | Reached skill level 5 in Dodging
 27304 | Swamp:4  | Reached XP level 17. HP: 118/118 MP: 25/25
 27467 | Swamp:4  | Got a decaying rune of Zot
 27961 | Snake:1  | Entered Level 1 of the Snake Pit
 28010 | Snake:1  | Found an ornate altar of the Wu Jian Council.
 28680 | Snake:1  | Reached skill level 18 in Fighting
 28927 | Snake:1  | Found Yraskiq's Gadget Shop.
 28928 | Snake:1  | Found Paholo's Jewellery Shoppe.
 28929 | Snake:1  | Found Tanaro's Gadget Shop.
 28945 | Snake:1  | Bought the amulet of Vitality {Regen+ HP+15} for 1264 gold pieces
 28945 | Snake:1  | Found the amulet of Vitality {Regen+ HP+15}
 29189 | Snake:2  | Noticed Kirke
 29227 | Snake:2  | Killed Kirke
 29275 | Snake:2  | Noticed Vashnia
 29522 | Snake:2  | Killed Vashnia
 29569 | Snake:2  | Noticed Roxanne
 29884 | Snake:2  | Found Riaf's Book Shop.
 30006 | Snake:2  | Found Cont's Antique Armour Emporium.
 30059 | Snake:2  | Found Deaclal's Distillery.
 30061 | Snake:2  | Bought a pair of glowing gloves for 240 gold pieces
 30600 | Snake:2  | Killed Roxanne
 30676 | Snake:3  | Noticed Mara
 30695 | Snake:3  | Noticed dricus's illusion
 30730 | Snake:3  | Killed Mara
 30730 | Snake:3  | Reached skill level 10 in Armour
 31079 | Snake:3  | Reached skill level 19 in Fighting
 31080 | Snake:3  | Reached XP level 18. HP: 86/128 MP: 8/26
 32366 | Snake:4  | Entered Level 4 of the Snake Pit
 33066 | Snake:4  | Found Fuasotat's Antique Weapon Shop.
 33540 | Snake:4  | Reached skill level 20 in Fighting
 33730 | Snake:4  | Got a serpentine rune of Zot
 34462 | Vaults:1 | Entered Level 1 of the Vaults
 34523 | Vaults:1 | Found a portal to a secret trove of treasure.
 34770 | Vaults:1 | Paralysed by a floating eye for 2 turns
 35267 | Vaults:1 | Reached XP level 19. HP: 136/136 MP: 23/27
 35493 | Vaults:1 | Mangled by a vault warden

Vault maps used:
D:1:      dpeg_arrival_rhombi, hangedman_decor_points, minmay_pentomino_s4
D:2:      solitary_fountain
D:3:      chequers_ecumenical_altar_lobes, minmay_item_behind_shaft, uniq_robin,
          uniq_natasha, uniq_grinder
D:4:      nicolae_overflow_crystal_walls, serial_shops,
          nicolae_shop_behind_doors, first_bread, tso_metal_star
D:6:      basic_altar, uniq_eustachio
D:7:      minmay_temple_entry_nine_rooms
D:8:      ashenzari_conservatory_becter, gammafunk_temple_overflow_wave,
          serial_shops, shop_coins, hangedman_ranch, kennysheep_cluttered_room,
          uniq_joseph
D:9:      old_standard_altar, lemuel_crystal_altar, lair_entry_dummy,
          nicolae_gozag_cash_rules_everything_around_me
D:10:     uniq_harold
D:11:     orc_0_dummy
D:12:     hangedman_abyss_or_decor_passed, hangedman_abyss_or_decor_stagger,
          st_stairs_11, minmay_misc_feat_hallway,
          einodemon_armed_red_devil_minivault
D:13:     cheibriados_altar_1
D:14:     david_vaults_5, enter_bailey_8, amethyst_killhole
D:15:     grunt_enter_depths_snipers, serial_shops, nicolae_shop_waterfront,
          fountainhead, uniq_nessos
Lair:1:   st_stairs_10, infiniplex_staircase_pool, grunt_megastairs_3,
          lemuel_fruit_tree
Lair:2:   nicolae_swamp_entry_splash_gauntlet, grunt_forest_small_clearings,
          st_stairs_9, kennysheep_rathole, uniq_sonja
Lair:3:   guppyfry_snake_entry_island, grunt_megastairs_5, serial_bayou_shore_a
Lair:5:   minmay_slime_entry_oklob_enclosed
Lair:6:   evil_forest, enter_volcano_1, portal_ice_cave_rime
Swamp:1:  nicolae_swamp_treefoil
Swamp:2:  hangedman_swamp_ruin_wall, swamp_pool1, uniq_louise
Swamp:3:  evilmike_swamp_ruin_house_6, swamp_pool5, st_swamp_ruins_1, uniq_aizul
Swamp:4:  swamp_alternative
Snake:1:  basic_altar, st_stairs_6, spider_trap, minmay_shop_grove
Snake:2:  serial_shops, nicolae_shop_crystal, minmay_shoptagon, uniq_kirke,
          uniq_vashnia, uniq_roxanne
Snake:3:  uniq_mara
Snake:4:  snake_pit, serial_shops, nicolae_shop_crystal
Orc:1:    david_defended_altar_orc, uniq_urug
Orc:2:    st_orc_rangers
Vaults:1: nicolae_vaults_little_squares_4, v_rooms_3, v_alt_pattern_5,
          v_misc_25, v_misc_17, nicolae_vaults_network_square,
          hangedman_vaults_stitches, nicolae_vaults_ring_of_whatevers,
          special_room_vaults, vaults_dpeg_cross, vaults_room_corners,
          vaults_dpeg_diagonal, vaults_room_semicircle,
          nicolae_trove_entry_crossroad
Bailey:   bailey_axe_1, bailey
IceCv:    ice_cave_tombish

Skill      XL: |  1  2  3  4  5  6  7  8  9 10 11 12 13 14 15 16 17 18 19 |
---------------+----------------------------------------------------------+-----
Maces & Flails | 3 5 6 8 10 11 13 14 16 | 16.0
Fighting       | 4 5 7 8 9 10 12 13 14 15 17 19 20 | 20.5
Shields        | 4 5 7 8 9 10 12 13 14 15 | 15.0
Invocations    | 8 11 | 11.0
Dodging        | 2 5 7 8 9 |  9.0
Armour         | 4 7 10 11 12 | 12.0

Action                   |  1- 3 |  4- 6 |  7- 9 | 10-12 | 13-15 | 16-18 | 19-21 || total
-------------------------+-------+-------+-------+-------+-------+-------+-------++-------
Melee: Flail             |   138 |   187 |   418 |    55 |       |       |       ||   798
       Morningstar       |       |       |       |   663 |  1534 |  1750 |    72 ||  4019
Invok: Divine Shield     |       |       |       |       |     1 |       |       ||     1
       Cleansing Flame   |       |       |       |       |       |     3 |     1 ||     4
       Summon Divine War |       |       |       |       |       |       |     1 ||     1
 Abil: Fly               |       |       |       |       |     1 |       |       ||     1
       Stop Flying       |       |       |       |       |       |     1 |       ||     1
Evoke: Wand              |       |       |       |       |       |     5 |       ||     5
  Use: Scroll            |       |     6 |     3 |    14 |    21 |     4 |       ||    48
       Potion            |       |     1 |     1 |     3 |       |     3 |     1 ||     9
  Eat: Chunk             |     2 |     5 |    12 |     8 |    31 |    13 |       ||    71
       Bread ration      |       |       |     1 |     1 |       |       |       ||     2
       Fruit             |       |       |       |    13 |     4 |    27 |       ||    44
Armor: Scale mail        |   107 |    87 |       |       |       |       |       ||   194
       Chain mail        |       |     4 |   378 |   282 |   792 |  1191 |    75 ||  2722
Dodge: Dodged            |    59 |    43 |   125 |   123 |   344 |   676 |    65 ||  1435
Block: Shield            |    85 |    73 |   283 |   314 |  1000 |  1281 |    97 ||  3133

Table legend:
 A = Spawn XP
 B = Non-spawn XP
 C = Spawn XP percentage of total XP
 D = Spawn monster count
 E = Non-spawn monster count
 F = Spawn count percentage of total count
 G = Total turns spent on level
                    A         B        C        D         E        F      G
               +---------+---------+-------+---------+---------+-------+---------
         Total |       0 |  326122 |   0.0 |       0 |    1145 |   0.0 | 35493
               +---------+---------+-------+---------+---------+-------+---------
           D:1 |       0 |      41 |   0.0 |       0 |      24 |   0.0 |  1180
           D:2 |       0 |      59 |   0.0 |       0 |      19 |   0.0 |   670
           D:3 |       0 |     491 |   0.0 |       0 |      40 |   0.0 |  1130
           D:4 |       0 |     593 |   0.0 |       0 |      17 |   0.0 |  1588
           D:5 |       0 |     130 |   0.0 |       0 |      10 |   0.0 |  1000
           D:6 |       0 |     285 |   0.0 |       0 |      10 |   0.0 |   624
           D:7 |       0 |    2983 |   0.0 |       0 |      31 |   0.0 |   903
           D:8 |       0 |    3359 |   0.0 |       0 |      17 |   0.0 |  1108
           D:9 |       0 |    1193 |   0.0 |       0 |      14 |   0.0 |  1625
          D:10 |       0 |    3908 |   0.0 |       0 |      32 |   0.0 |   906
          D:11 |       0 |    5884 |   0.0 |       0 |      46 |   0.0 |  1471
          D:12 |       0 |    6763 |   0.0 |       0 |      34 |   0.0 |   977
          D:13 |       0 |    7296 |   0.0 |       0 |      46 |   0.0 |   606
          D:14 |       0 |   14138 |   0.0 |       0 |      40 |   0.0 |  1029
          D:15 |       0 |   15142 |   0.0 |       0 |      37 |   0.0 |   764
        Lair:1 |       0 |    5179 |   0.0 |       0 |      23 |   0.0 |  1267
        Lair:2 |       0 |    6782 |   0.0 |       0 |      41 |   0.0 |  1060
        Lair:3 |       0 |    1068 |   0.0 |       0 |       7 |   0.0 |   786
        Lair:4 |       0 |    1570 |   0.0 |       0 |       4 |   0.0 |   438
        Lair:5 |       0 |    7220 |   0.0 |       0 |      18 |   0.0 |   967
        Lair:6 |       0 |   17596 |   0.0 |       0 |      52 |   0.0 |  1248
       Swamp:1 |       0 |   12825 |   0.0 |       0 |      46 |   0.0 |   869
       Swamp:2 |       0 |   11562 |   0.0 |       0 |      30 |   0.0 |  1001
       Swamp:3 |       0 |   24621 |   0.0 |       0 |      53 |   0.0 |  1209
       Swamp:4 |       0 |   19678 |   0.0 |       0 |      46 |   0.0 |  1003
       Snake:1 |       0 |   16289 |   0.0 |       0 |      31 |   0.0 |  1225
       Snake:2 |       0 |   27399 |   0.0 |       0 |      40 |   0.0 |  1838
       Snake:3 |       0 |   25164 |   0.0 |       0 |      32 |   0.0 |  1611
       Snake:4 |       0 |   46657 |   0.0 |       0 |      78 |   0.0 |  1573
         Orc:1 |       0 |    4903 |   0.0 |       0 |      54 |   0.0 |   813
         Orc:2 |       0 |    5409 |   0.0 |       0 |      54 |   0.0 |   859
      Vaults:1 |       0 |   23502 |   0.0 |       0 |      65 |   0.0 |  1031
        Bailey |       0 |    1407 |   0.0 |       0 |      32 |   0.0 |   226
         IceCv |       0 |    5026 |   0.0 |       0 |      22 |   0.0 |   888
               +---------+---------+-------+---------+---------+-------+---------
